 Dungeon Crawl Stone Soup version 0.23-a0-644-gb60d84b635 (webtiles) character file.

2375 HereIgoKillingAgain the Transmogrifier (level 9, -3/61 HPs)
             Began as a Demonspawn Transmuter on Jan 1, 2019.
             Was a Follower of Qazlal.
             Slain by a troll (7 damage)
             ... on level 8 of the Dungeon.
             The game lasted 00:09:48 (7201 turns).

HereIgoKillingAgain the Transmogrifier (DsTm)       Turns: 7201, Time: 00:09:48

Health: -3/61      AC:  3    Str: 10    XL:     9   Next: 21%
Magic:  13/13      EV: 15    Int: 17    God:    Qazlal [*.....]
Gold:   70         SH:  5    Dex: 15    Spells: 2/13 levels left

rFire    . . .     SeeInvis .   h - +5 hand axe
rCold    . . .     Gourm    .   (no shield)
rNeg     . . .     Faith    .   b - +1 robe
rPois    .         Spirit   .   (helmet restricted)
rElec    .         Reflect  +   (no cloak)
rCorr    .         Harm     .   (no gloves)
MR       .....                  (no boots)
Stlth    +.........             w - +3 amulet of reflection
HPRegen  0.20/turn              v - +3 ring of evasion
MPRegen  0.13/turn              (no ring)

@: no status effects
A: antennae 2, demonic guardian 2, spiny 1
a: Renounce Religion


You were on level 8 of the Dungeon.
You worshipped Qazlal.
Qazlal was aware of your devotion.
You were hungry.

You visited 1 branch of the dungeon, and saw 8 of its levels.

You collected 395 gold pieces.
You spent 325 gold pieces at shops.

Inventory:

Hand Weapons
 h - a +5 hand axe (weapon)
Missiles
 a - 33 arrows
Armour
 b - a +1 robe (worn)
 n - the +10 large shield of Ignorance {rN+ Int-4}
   (You found it on level 6 of the Dungeon)

   It affects your intelligence (-4).
   It protects you from negative energy.
Jewellery
 v - a +3 ring of evasion (left hand)
 w - a +3 amulet of reflection (around neck)
Wands
 e - a wand of polymorph (7)
 g - a wand of paralysis (3)
 t - a wand of random effects (19)
Scrolls
 f - 3 scrolls of teleportation
 i - 2 scrolls of remove curse
 k - a scroll of blinking
 p - 5 scrolls of enchant armour
 r - 2 scrolls of amnesia {unknown}
 s - a scroll of noise {unknown}
Potions
 c - 3 potions of curing
 j - 3 potions of haste
 l - a potion of agility
 m - a potion of brilliance {unknown}
 o - 2 potions of cancellation {unknown}
 q - a potion of lignification
 u - 2 potions of heal wounds
 x - a potion of flight
Comestibles
 d - 10 rations


   Skills:
 + Level 1.7 Fighting
 + Level 1.9 Armour
 - Level 1.7 Dodging
 * Level 4.1 Unarmed Combat
 + Level 2.9 Spellcasting
 - Level 10.2 Transmutations
 * Level 2.5 Invocations


You had 2 spell levels left.
You knew the following spells:

 Your Spells              Type           Power        Failure   Level  Hunger
a - Beastly Appendage     Tmut           #####.       1%          1    #......
b - Sticks to Snakes      Tmut           #####...     1%          2    ##.....
c - Spider Form           Tmut/Pois      ###.......   6%          3    ###....
d - Blade Hands           Tmut           #####.....   7%          5    ######.

Your spell library contained the following spells:

 Spells                   Type           Power        Failure   Level  Hunger
 Ice Form                 Ice/Tmut       ###.....     22%         4    #####..
 Yara's Violent Unravell  Hex/Tmut       ###.......   52%         5    ######.
 Cause Fear               Hex            #.........   87%         4    #####..
 Silence                  Hex/Air        #.........   99%         5    ######.
 Deflect Missiles         Chrm/Air       #.........   100%        6    #######
 Discord                  Hex            #.........   100%        8    #######


Dungeon Overview and Level Annotations

Branches:
Dungeon (8/15)             Temple (0/1) D:5
   Lair: D:8-11

Altars:
Cheibriados
Elyvilon
Qazlal
Sif Muna

Shops:
D:6 !

Annotations:
D:7 3 runed doors, CheiIsBae's ghost, novice DrTm; hemabe's ghost, novice HuAr


Innate Abilities, Weirdness & Mutations

You have a pair of antennae on your head.
A demonic guardian rushes to your aid.
You are partially covered in sharp spines.


Message History

You punch the scorpion, but do no damage.
The scorpion is almost dead.
A hound comes into view.
You block the scorpion's attack.
You hit the scorpion.
You kill the scorpion!
Qazlal accepts your kill.
A troll comes into view.
The troll shouts!
Unknown command.
You swap places.
The troll bites you! The troll completely misses you.
The troll closely misses you. You block the hound's attack.
You hit the troll.
The troll is lightly wounded.
You hit the hound. The hound barely misses you. The troll bites you.
The troll claws you. The troll closely misses you.
You block the hound's attack. The troll bites you!!
* * * LOW HITPOINT WARNING * * *
The troll claws you!
You die...

..## ...###
....# .. ...#
#.[ #..#
#...##.†####.#
#..........)#
#####†.######
#......3@T.#
#.####.h##?#
#..# .# #..#
.# ...# .#
##.## .# #. .#
#. .#


You could see a troll, a hound and a friendly soul eater.

Vanquished Creatures
  A sky beast (D:6)
  A phantom (D:4)
  A centaur (D:7)
  2 ogres
  4 bullfrogs
  3 scorpions
  2 howler monkeys (D:7)
  2 crimson imps
  A quasit (D:6)
  3 hounds
  A gnoll shaman (D:6)
  2 orc priests (D:4)
  An orc wizard (D:5)
  3 bullfrog skeletons
  A centaur skeleton (D:6)
  4 worker ants (D:4)
  7 adders
  5 gnolls
  An ooze (D:1)
  A worm (D:2)
  A dart slug (D:1)
  2 leopard geckos
  13 orcs
  10 bats
  5 giant cockroaches
  14 goblins
  7 hobgoblins
  8 jackals
  7 kobolds
  3 quokkas
  A ball python (D:4)
  A frilled lizard (D:2)
  A leopard gecko skeleton (D:7)
  A quokka skeleton (D:5)
  A quokka zombie (D:5)
  8 rats
129 creatures vanquished.

Vanquished Creatures (collateral kills)
  Prince Ribbit (D:6)
  2 hippogriffs (D:7)
  2 ogres
  A gnoll sergeant (D:7)
  A scorpion (D:4)
  4 wights (D:6)
  A howler monkey (D:6)
  A crimson imp (D:6)
  A hound (D:7)
  A jelly (D:5)
  2 orc wizards (D:5)
  Terence (D:2)
  2 iguanas
  Robin (D:2)
  15 gnolls
  A worm (D:3)
  2 orcs
  2 goblins (D:2)
  A quokka (D:7)
  A leopard gecko zombie (D:6)
43 creatures vanquished.

Vanquished Creatures (others)
  2 withered plants (D:7)
2 creatures vanquished.

Grand Total: 174 creatures vanquished

Notes
Turn   | Place    | Note
-------+----------+-------------------------------------------
     0 | D:1      | HereIgoKillingAgain the Demonspawn Transmuter began the
                  | quest for the Orb.
     0 | D:1      | Reached XP level 1. HP: 15/15 MP: 3/3
    75 | D:1      | Reached skill level 2 in Transmutations
   106 | D:1      | Gained mutation: A weak demonic guardian rushes to your
                  | aid. [demonic ancestry]
   106 | D:1      | Reached XP level 2. HP: 7/21 MP: 1/5
   404 | D:1      | Learned a level 2 spell: Sticks to Snakes
   934 | D:1      | Gained mutation: You are partially covered in sharp spines.
                  | [demonic ancestry]
   934 | D:1      | Reached XP level 3. HP: 23/26 MP: 6/6
  1113 | D:2      | Reached skill level 3 in Transmutations
  1570 | D:2      | Noticed Terence
  1576 | D:2      | Killed Terence
  1576 | D:2      | Gained mutation: You have a pair of small antennae on your
                  | head. [demonic ancestry]
  1576 | D:2      | Reached XP level 4. HP: 32/32 MP: 7/7
  1674 | D:2      | Noticed Robin
  1690 | D:2      | HP: 1/32 [hobgoblin[Robin] (6)]
  1700 | D:2      | Killed Robin
  1700 | D:2      | Reached skill level 4 in Transmutations
  2979 | D:3      | Learned a level 3 spell: Spider Form
  3030 | D:4      | Reached XP level 5. HP: 31/37 MP: 8/8
  3062 | D:4      | Reached skill level 5 in Transmutations
  3213 | D:4      | Noticed an ogre
  3224 | D:4      | Killed an ogre
  3224 | D:4      | Reached XP level 6. HP: 32/43 MP: 9/9
  3251 | D:4      | Reached skill level 6 in Transmutations
  4024 | D:4      | Found a white marble altar of Elyvilon.
  4025 | D:4      | Found a snail-covered altar of Cheibriados.
  4224 | D:4      | Reached XP level 7. HP: 41/48 MP: 5/10
  4462 | D:5      | Entered Level 5 of the Dungeon
  4492 | D:5      | Reached skill level 7 in Transmutations
  4887 | D:5      | Found a stormy altar of Qazlal.
  4901 | D:5      | Became a worshipper of Qazlal Stormbringer
  4922 | D:5      | Found a deep blue altar of Sif Muna.
  4925 | D:5      | Found a staircase to the Ecumenical Temple.
  5086 | D:6      | Reached skill level 8 in Transmutations
  5116 | D:6      | Found the +10 large shield of Ignorance {rN+ Int-4}
  5398 | D:6      | Gained mutation: A demonic guardian rushes to your aid.
                  | [demonic ancestry]
  5398 | D:6      | Reached XP level 8. HP: 36/54 MP: 6/11
  5600 | D:6      | Noticed Prince Ribbit
  5603 | D:6      | Killed Prince Ribbit
  5603 | D:6      | Reached skill level 9 in Transmutations
  5682 | D:6      | Reached * piety under Qazlal
  6003 | D:6      | Found Ozyoca's Distillery.
  6011 | D:6      | Bought a potion of heal wounds for 65 gold pieces
  6133 | D:7      | Noticed a hippogriff
  6140 | D:7      | Killed a hippogriff
  6189 | D:7      | Reached skill level 10 in Transmutations
  6199 | D:7      | Learned a level 5 spell: Blade Hands
  6474 | D:7      | Reached skill level 1 in Armour
  6578 | D:7      | Gained mutation: You have a pair of antennae on your head.
                  | [demonic ancestry]
  6578 | D:7      | Reached XP level 9. HP: 43/59 MP: 12/12
  6648 | D:7      | Reached skill level 1 in Invocations
  6881 | D:7      | Found a runed gate.
  6882 | D:7      | Found a runed gate.
  6883 | D:7      | Found a runed gate.
  6886 | D:7      | Noticed hemabe's ghost (novice HuAr)
  6886 | D:7      | Noticed CheiIsBae's ghost (novice DrTm)
  7137 | D:6      | Bought a potion of agility for 52 gold pieces
  7137 | D:6      | Bought a potion of lignification for 39 gold pieces
  7137 | D:6      | Bought a potion of heal wounds for 65 gold pieces
  7137 | D:6      | Bought a potion of heal wounds for 65 gold pieces
  7137 | D:6      | Bought a potion of flight for 39 gold pieces
  7199 | D:8      | Noticed a troll
  7201 | D:8      | Slain by a troll

Vault maps used:
D:1:      nagdon_arrival_double_spiral
D:2:      uniq_terence, uniq_robin
D:4:      chequers_temple_overflow_statue_of_worship, first_ration
D:5:      nicolae_overflow_crystal_walls, marbit_many_paths,
          minmay_temple_entry_large_hall
D:6:      serial_shops, shop, st_stairs_9, uniq_prince_ribbit1
D:7:      gammafunk_ghost_cemetery
D:8:      uniq_grum, uniq_maurice

Skill      XL: |  1  2  3  4  5  6  7  8  9 |
---------------+----------------------------+-----
Transmutations | 2 3 4 5 6 8 10 | 10.2
Unarmed Combat | 3 4 |  4.1
Armour         | 1 |  1.9
Invocations    | 2 |  2.5
Fighting       | |  1.7
Dodging        | |  1.7
Spellcasting   | |  2.9

Action                   |  1- 3 |  4- 6 |  7- 9 || total
-------------------------+-------+-------+-------++-------
Melee: Unarmed           |    69 |       |       ||    69
       Headbutt          |     4 |       |       ||     4
       Kick              |     2 |       |       ||     2
       Punch             |     2 |     1 |     5 ||     8
       Hand axe          |    28 |    77 |   126 ||   231
 Cast: Beastly Appendage |     7 |       |       ||     7
       Sticks to Snakes  |       |     9 |    27 ||    36
Evoke: Wand              |       |     4 |     1 ||     5
  Use: Scroll            |     4 |     4 |     1 ||     9
       Potion            |       |     3 |     2 ||     5
 Stab: Sleeping          |     3 |     1 |       ||     4
       Paralysed         |       |     5 |     2 ||     7
       Distracted        |       |       |     1 ||     1
  Eat: Chunk             |     2 |     4 |     9 ||    15
       Ration            |       |     1 |     1 ||     2
Armor: Robe              |    21 |    10 |    27 ||    58
       Skin              |     4 |       |       ||     4
Dodge: Dodged            |    77 |    45 |   106 ||   228
Block: Other             |       |       |     5 ||     5

Table legend:
 A = Non-vault XP
 B = Vault XP
 C = Vault XP percentage of total XP
 D = Non-vault monster count
 E = Vault monster count
 F = Vault count percentage of total count
                 A         B        C        D         E       F
            +---------+---------+-------+---------+---------+-------
      Total |    3120 |     273 |   8.0 |     154 |      18 |  10.5
            +---------+---------+-------+---------+---------+-------
        D:1 |      42 |       0 |   0.0 |      19 |       0 |   0.0
        D:2 |      51 |      53 |  51.0 |      23 |      13 |  36.1
        D:3 |      41 |       0 |   0.0 |      14 |       0 |   0.0
        D:4 |     598 |       0 |   0.0 |      24 |       0 |   0.0
        D:5 |     364 |      33 |   8.3 |      16 |       1 |   5.9
        D:6 |     682 |     187 |  21.5 |      22 |       4 |  15.4
        D:7 |    1261 |       0 |   0.0 |      34 |       0 |   0.0
        D:8 |      81 |       0 |   0.0 |       2 |       0 |   0.0
            +---------+---------+-------+---------+---------+-------
